 Dungeon Crawl Stone Soup version 0.29-a0-384-g6960b1960d (webtiles) character file.

Game seed: 9874797477763249963

100 Snarg the Bolt Thrower (level 5, -1/30 HPs)
             Began as a Kobold Arcane Marksman on May 8, 2022.
             Was a Believer of Wu Jian.
             Slain by an orc priest
             ... wielding a +0 dagger
              (4 damage)
             ... on level 3 of the Dungeon.
             The game lasted 00:07:34 (1984 turns).

Snarg the Bolt Thrower (Kobold Arcane Marksman)     Turns: 1984, Time: 00:07:34

Health: -1/30      AC:  4    Str:  8    XL:     5   Next: 3%
Magic:  4/6        EV: 15    Int: 14    God:    Wu Jian [**....]
Gold:   131        SH:  0    Dex: 17    Spells: 5/6 levels left

rFire   . . .      SeeInvis .   b - +0 dagger
rCold   . . .      Faith    .   (no shield)
rNeg    . . .      Spirit   .   d - +0 robe
rPois   .          Reflect  .   (no helmet)
rElec   .          Harm     .   m - +1 cloak {Stlth+}
rCorr   .          Rampage  .   (no gloves)
Will    .....                   (no boots)
Stlth   ++++......              (no amulet)
HPRegen 0.10/turn               (no ring)
MPRegen 0.10/turn               (no ring)

@: no status effects
A: small, no large weapons, nightstalker 3
a: Renounce Religion, Wall Jump


You were on level 3 of the Dungeon.
You worshipped Wu Jian.
Wu Jian was pleased with you.
You visited 1 branch of the dungeon, and saw 3 of its levels.

You collected 131 gold pieces.

Inventory:

Hand Weapons
 a - a +0 hand crossbow
 b - a +0 dagger (weapon)
Armour
 d - a +0 robe (worn)
 f - a +0 leather armour
 m - a +1 cloak of stealth (worn)
 n - a +0 kite shield
Scrolls
 c - a scroll of vulnerability
 g - a scroll of poison {unknown}
 i - 5 scrolls of identify {unknown}
 l - 2 scrolls of teleportation {unknown}
 o - a scroll of enchant weapon {unknown}
Potions
 e - 3 potions of flight {unknown}
 h - a potion of might {unknown}
 j - a potion of haste {unknown}
 k - a potion of heal wounds {unknown}
 p - a potion of brilliance {unknown}


   Skills:
 + Level 2.1 Fighting
 + Level 0.3 Short Blades
 + Level 4.9 Crossbows
 + Level 2.7 Dodging
 + Level 1.5 Stealth
 + Level 1.1 Spellcasting
 + Level 3.3 Hexes


You had 5 spell levels left.
You knew the following spells:

 Your Spells              Type           Power      Damage    Failure   Level
a - Slow                  Hex            40%        N/A       7%          1

Your spell library contained the following spells:

 Spells                   Type           Power      Damage    Failure   Level
 Inner Flame              Hex/Fire       5%         N/A       36%         3
 Portal Projectile        Hex/Tloc       10%        N/A       36%         3
 Cause Fear               Hex            5%         N/A       54%         4


Dungeon Overview and Level Annotations

Branches:
Dungeon (3/15)

Altars:
Wu Jian

Annotations:
D:1 crl


Innate Abilities, Weirdness & Mutations

You are small and have problems with some larger weapons.
You are completely attuned to the shadows.


Message History

An orc priest comes into view. It is wielding a +0 dagger.
There is a stone staircase leading up here.
Casting: Slow (safe; 7% risk of failure)
Confirm with . or Enter, or press ? or * to list all spells.
Aiming: Slow (safe; 7% risk of failure)
Press: ? - help, Shift-Dir - straight line, f - orc priest
Aim: an orc priest, wielding a +0 dagger (chance to affect: 49%)
The orc priest resists with some effort.
You shoot a bolt.
The bolt hits the orc priest but does no damage.
The orc priest looks braver for a moment.
You shoot a bolt.
The bolt hits the orc priest but does no damage.
The orc priest mumbles some strange prayers to Beogh against you.
Beogh smites you!
You are too injured to fight recklessly!
You are too injured to fight recklessly!
Casting: Slow (safe; 7% risk of failure)
Confirm with . or Enter, or press ? or * to list all spells.
Aiming: Slow (safe; 7% risk of failure)
Press: ? - help, Shift-Dir - straight line, f/p - orc priest
Aim: an orc priest, wielding a +0 dagger (chance to affect: 49%)
The orc priest resists with some effort.
b - a +0 dagger (weapon)
You are too injured to fight recklessly!
You hit the orc priest.
The orc priest is lightly wounded.
The orc priest closely misses you.
You hit the orc priest but do no damage.
The orc priest is lightly wounded.
The orc priest invokes the aid of Beogh against you.
Beogh smites you!
* * * LOW HITPOINT WARNING * * *
You hit the orc priest.
The orc priest is heavily wounded.
The orc priest misses you.
You hit the orc priest.
The orc priest is severely wounded.
The orc priest hits you with a +0 dagger.
You die...

###
#@#
#o#
#.#
#.#
#.#
#.#
#.#
.##.
#.#
..o.
#.#
....


You could see an orc priest.

Vanquished Creatures
  3 adders
  2 worms (D:2)
  A dart slug (D:2)
  An orc (D:3)
  2 ball pythons (D:2)
  6 endoplasms (D:1)
  A giant cockroach (D:2)
  5 goblins
  6 hobgoblins
  4 jackals (D:1)
  10 kobolds
  2 quokkas
  9 bats
  5 frilled lizards
  2 rats
59 creatures vanquished.

Notes
Turn   | Place    | Note
-------+----------+-------------------------------------------
     0 | D:1      | Snarg the Kobold Arcane Marksman began the quest for the
                  | Orb.
     0 | D:1      | Reached XP level 1. HP: 12/12 MP: 2/2
    55 | D:1      | Reached skill level 3 in Crossbows
   140 | D:1      | Reached XP level 2. HP: 15/16 MP: 3/3
   237 | D:1      | Found a faded altar of an unknown god.
   244 | D:1      | Prayed at the altar of an unknown god.
   244 | D:1      | Became a worshipper of the Wu Jian Council
   244 | D:1      | Reached * piety under Wu Jian
   382 | D:1      | Reached XP level 3. HP: 13/20 MP: 4/4
   777 | D:1      | Reached skill level 1 in Stealth
   907 | D:1      | Reached ** piety under Wu Jian
  1162 | D:2      | Reached skill level 4 in Crossbows
  1315 | D:2      | Reached XP level 4. HP: 25/26 MP: 3/5
  1957 | D:3      | Reached XP level 5. HP: 20/30 MP: 6/6
  1984 | D:3      | Slain by an orc priest

Illustrated notes

Levels and vault maps discovered:
D:1:      evilmike_arrival_come_back, layout_loops_ring,
          ebering_ecumenical_altar_webs, chequers_garden
D:2:      layout_rooms
D:3:      cheibrodos_thug_alley, layout_basic, serial_shops, shop,
          nicolae_shop_waterfront, nicolae_shop_waterfront, uniq_sigmund

Skill      XL: |  1  2  3  4 |
---------------+-------------+-----
Crossbows      | 3 4 |  4.9
Stealth        | 1 |  1.5
Fighting       | 2 |  2.1
Short Blades   | |  0.3
Dodging        | |  2.7
Spellcasting   | |  1.1
Hexes          | |  3.3

Action                   |  1- 3 |  4- 6 || total
-------------------------+-------+-------++-------
Melee: Dagger            |    38 |    23 ||    61
 Fire: Hand crossbow     |    63 |    57 ||   120
 Cast: Slow              |     3 |     2 ||     5
Invok: Whirlwind         |     1 |     2 ||     3
       Lunge             |     1 |       ||     1
 Stab: Sleeping          |     3 |       ||     3
Armor: Robe              |    10 |     9 ||    19
Dodge: Dodged            |    34 |    36 ||    70

Table legend: (Time is in decaauts)
 A = Elapsed time spent in this place.
 B = Non-inter-level travel time spent in this place.
 C = Inter-level travel time spent in this place.
 D = Time resting spent in this place.
 E = Time spent auto-exploring this place.
 F = Levels seen in this place.
 G = Mean time per level.
                   A        B        C        D        E       F      G
               +--------+--------+--------+--------+--------+-----+--------+
         Total |   2001 |   1974 |     27 |      6 |   1544 |   3 |  667.0 |
       Dungeon |   2001 |   1974 |     27 |      6 |   1544 |   3 |  667.0 |
               +--------+--------+--------+--------+--------+-----+--------+

Top non-repeatable levels by time:
     D:1: 1146 daAuts
     D:2: 799 daAuts
     D:3: 55 daAuts
